 Dungeon Sprint DCSS version 0.22-a0-618-gd6a3efe (webtiles) character file.

49499 George the Impregnable (level 14, -10/151 HPs)
             Began as a Minotaur Fighter on July 13, 2018.
             Was the Champion of the Shining One.
             Mangled by a tengu reaver
             ... wielding a +0 great sword
              (21 damage)
             ... in the Dungeon (Sprint IX: "|||||||||||||||||||||||||||||").
             The game lasted 00:11:49 (3175 turns).

George the Impregnable (Minotaur Fighter)           Turns: 3175, Time: 00:11:50

Health: -10/151    AC: 21    Str: 23    XL:     14   Next: 16%
Magic:  13/13      EV: 20    Int:  5    God:    the Shining One [******]
Gold:   1715       SH: 24    Dex: 13    Spells: 13/13 levels left

rFire    + . .     SeeInvis .   r - +2 scimitar (elec)
rCold    . . .     Gourm    .   D - +1 large shield
rNeg     + + +     Faith    .   l - +0 chain mail {rPois}
rPois    +         Spirit   .   (helmet restricted)
rElec    .         Reflect  .   y - +0 cloak
rCorr    .         Harm     .   a - +0 pair of gloves
MR       +....     NoTele   +   u - +0 pair of boots
Stlth    ..........             (no amulet)
HPRegen  0.35/turn              v - ring of protection from fire
MPRegen  0.13/turn              s - +2 ring of evasion

@: lethally poisoned (-10 -> -15), glowing
A: retaliatory headbutt, horns 2
a: Divine Shield, Cleansing Flame, Summon Divine Warrior, Brand Weapon With Holy
Wrath, Renounce Religion


You were in the Dungeon.
You worshipped the Shining One.
The Shining One was exalted by your worship.
You were hungry.

You visited 1 branch You collected 1916 gold pieces.
You spent 201 gold pieces at shops.

Inventory:

Hand Weapons
 q - a +2 rapier of speed
 r - a +2 scimitar of electrocution (weapon)
 C - a +1 double sword
Armour
 a - a +0 pair of gloves (worn)
 l - a +0 chain mail of poison resistance (worn)
 u - a +0 pair of boots (worn)
 y - a +0 cloak (worn)
 D - a +1 large shield (worn)
Jewellery
 b - a +3 ring of strength
 m - an uncursed ring of ice
 s - a +2 ring of evasion (right hand)
 v - a ring of protection from fire (left hand)
 z - an uncursed ring of protection from fire
Wands
 p - a wand of iceblast (3)
Scrolls
 c - 2 scrolls of enchant weapon
 k - 2 scrolls of blinking
 n - 5 scrolls of remove curse
 o - 2 scrolls of amnesia
 w - 2 scrolls of fog
 x - 4 scrolls of enchant armour
 A - a scroll of immolation {unknown}
 E - a scroll of fear
Potions
 d - 2 potions of might
 e - 9 potions of curing
 g - 6 potions of heal wounds
 h - 2 potions of haste
 i - 4 potions of magic
 j - 3 potions of berserk rage
 t - a potion of agility
 B - a potion of flight {unknown}
Comestibles
 f - 12 rations


   Skills:
 + Level 21.2 Fighting
 - Level 14.2 Long Blades
 + Level 21.3 Armour
 + Level 19.6 Dodging
 + Level 21.3 Shields


You had 13 spell levels left.
You didn't know any spells.
Your spell library was empty.

Dungeon Overview and Level Annotations

Branches:
Dungeon (1/1)

Altars:
Cheibriados
Dithmenos
Elyvilon
Fedhas
Gozag
Hepliaklqana
Kikubaaqudgha
Makhleb
Nemelex Xobeh
Okawaru
Qazlal
Ru
Sif Muna
Trog
Uskayaw
Vehumet
Wu Jian
Xom
Yredelemnul
Zin
The Shining One
Beogh
Jiyva
Lugonu

Shops:
D (*[}


Innate Abilities, Weirdness & Mutations

You reflexively headbutt those who attack you in melee.
You have a pair of horns on your head.


Message History

You hit the tengu reaver but do no damage.
Lightning courses through the tengu reaver!
The tengu reaver is heavily wounded.
The tengu reaver gestures at you while chanting.
The bolt of poison hits you!
You are poisoned.
You resist.
* * * LOW HITPOINT WARNING * * *
You miss the tengu reaver. You headbutt the tengu reaver.
The tengu reaver is heavily wounded.
You feel sick. The tengu reaver casts a spell at you.
The bolt of poison hits you! You resist.
* * * LOW HITPOINT WARNING * * *
You hit the tengu reaver.
The tengu reaver is heavily wounded.
Your divine shield fades away.
You feel sick.
The tengu reaver hits you with a great sword!!
You die...

'...=.)))))))..[[[[[[[[..........
▓▓▓▓▓▓▓▓▓▓▓▓▓▓▓▓▓▓▓▓▓▓▓▓▓▓▓▓▓▓▓▓▓
.................................
▓▓▓▓▓▓▓▓▓▓▓▓▓▓▓▓▓▓▓▓▓▓▓▓▓▓♣♣♣♣♣♣♣
...(..())÷)().)(()........†.††)÷.
▓▓▓▓▓▓▓▓▓▓▓▓▓▓▓▓▓▓▓▓▓▓▓▓▓▓♣♣♣♣♣♣♣
.................................
▓▓▓▓▓▓▓▓▓▓▓▓▓▓▓▓▓▓▓▓▓▓▓▓▓▓▓▓▓▓▓▓▓
......(('[)([().@Q*p....
▓▓▓▓▓▓▓▓▓▓▓▓▓▓▓▓▓▓▓▓▓▓▓▓


You could see a tengu reaver, a wizard and a battlesphere.

Vanquished Creatures
  A tengu reaver (D)
  A nagaraja (D)
  3 very ugly things (D)
  A stone giant (D)
  A spark wasp (D)
  2 dire elephants (D)
  4 ettins (D)
  2 merfolk javelineers (D)
  A fire dragon (D)
  A yaktaur captain (D)
  An ogre mage (D)
  A rakshasa (D)
  A ghost crab (D)
  A spriggan air mage (D)
  4 hydras (D)
  6 centaur warriors (D)
  A satyr (D)
  An orc high priest (D)
  Urug (D)
  A tengu warrior (D)
  A naga sharpshooter (D)
  2 shock serpents (D)
  A spriggan berserker (D)
  Sonja (D)
  A sea snake (D)
  A wizard (D)
  9 orc knights (D)
  3 orb spiders (D)
  3 ugly things (D)
  6 elephants (D)
  2 black mambas (D)
  2 merfolk sirens (D)
  A guardian serpent (D)
  Psyche (D)
  A torpor snail (D)
  5 spiny frogs (D)
  2 komodo dragons (D)
  A tengu conjurer (D)
  2 demonic crawlers (D)
  A jumping spider (D)
  A tyrant leech (D)
  2 hornets (D)
  A slime creature (D)
  A blink frog (shapeshifter) (D)
  A bog body (D)
  2 snapping turtles (D)
  A redback (D)
  A spriggan (D)
  A tarantella (shapeshifter) (D)
  A yak (D)
  A water elemental (D)
  A basilisk (D)
  A water moccasin (D)
  3 nagas (D)
  A sky beast (D)
  14 orc warriors (D)
  An eye of draining (D)
  An ogre (D)
  A necrophage (D)
  3 crocodiles (D)
  A centaur (D)
  A bullfrog (D)
  A killer bee (D)
  2 howler monkeys (D)
  A quasit (D)
  7 orc priests (D)
  A hound (D)
  2 jellies (D)
  2 orc wizards (D)
  2 worker ants (D)
  An adder (D)
  A leopard gecko (D)
  5 orcs (D)
  A goblin (D)
  A hobgoblin (D)
  A giant cockroach zombie (D)
  A kobold (D)
  A quokka skeleton (D)
  A rat (D)
153 creatures vanquished.

Vanquished Creatures (others)
  A hydra (D)
  An alligator (D)
  A spiny frog (D)
  A tyrant leech (D)
4 creatures vanquished.

Grand Total: 157 creatures vanquished

Notes
Turn   | Place    | Note
-------+----------+-------------------------------------------
     0 | D        | George the Minotaur Fighter began the quest for the Orb.
     0 | D        | Reached XP level 1. HP: 19/19 MP: 0/0
     5 | D        | Reached skill level 1 in Dodging
    37 | D        | Noticed a worker ant
    37 | D        | Noticed a hound
    37 | D        | Noticed a worker ant
    43 | D        | Killed a worker ant
    43 | D        | Reached XP level 2. HP: 28/28 MP: 1/1
    43 | D        | Reached XP level 3. HP: 34/34 MP: 2/2
    45 | D        | Reached skill level 5 in Fighting
    45 | D        | Reached skill level 5 in Long Blades
    45 | D        | Reached skill level 5 in Armour
    45 | D        | Reached skill level 5 in Shields
    51 | D        | Reached XP level 4. HP: 42/42 MP: 3/3
    60 | D        | Found a roughly hewn altar of Beogh.
    60 | D        | Found a snail-covered altar of Cheibriados.
    60 | D        | Found a shadowy altar of Dithmenos.
    60 | D        | Found a white marble altar of Elyvilon.
    60 | D        | Found a blossoming altar of Fedhas.
    60 | D        | Found an opulent altar of Gozag.
    61 | D        | Found a hazy altar of Hepliaklqana.
    62 | D        | Found a viscous altar of Jiyva.
    63 | D        | Found an ancient bone altar of Kikubaaqudgha.
    64 | D        | Found a corrupted altar of Lugonu.
    65 | D        | Found a burning altar of Makhleb.
    66 | D        | Found a sparkling altar of Nemelex Xobeh.
    67 | D        | Found an iron altar of Okawaru.
    68 | D        | Found a stormy altar of Qazlal.
    69 | D        | Found a sacrificial altar of Ru.
    70 | D        | Found a deep blue altar of Sif Muna.
    71 | D        | Found a bloodstained altar of Trog.
    72 | D        | Found a hide-covered altar of Uskayaw.
    73 | D        | Found a radiant altar of Vehumet.
    74 | D        | Found an ornate altar of the Wu Jian Council.
    75 | D        | Found a shimmering altar of Xom.
    76 | D        | Found a basalt altar of Yredelemnul.
    77 | D        | Found a glowing silver altar of Zin.
    78 | D        | Found a glowing golden altar of the Shining One.
    86 | D        | Became a worshipper of the Shining One
   127 | D        | Noticed a yak
   127 | D        | Noticed a sky beast
   127 | D        | Noticed a necrophage
   127 | D        | Reached * piety under the Shining One
   132 | D        | Killed a yak
   132 | D        | Reached XP level 5. HP: 40/51 MP: 4/4
   134 | D        | Reached skill level 5 in Dodging
   137 | D        | Reached XP level 6. HP: 45/60 MP: 5/5
   140 | D        | Killed a sky beast
   140 | D        | Reached skill level 10 in Long Blades
   146 | D        | Reached XP level 7. HP: 52/68 MP: 6/6
   228 | D        | Reached ** piety under the Shining One
   228 | D        | Noticed a centaur warrior
   228 | D        | Noticed a green ugly thing
   228 | D        | Reached *** piety under the Shining One
   235 | D        | Killed a centaur warrior
   235 | D        | Reached XP level 8. HP: 78/78 MP: 3/7
   242 | D        | Killed a green ugly thing
   242 | D        | Reached skill level 10 in Fighting
   242 | D        | Reached skill level 10 in Armour
   242 | D        | Reached skill level 10 in Shields
   384 | D        | Noticed a spiny frog
   384 | D        | Noticed a spiny frog
   384 | D        | Reached **** piety under the Shining One
   384 | D        | Noticed a komodo dragon
   384 | D        | Noticed a four-headed hydra
   384 | D        | Noticed a spiny frog
   387 | D        | Killed a spiny frog
   387 | D        | Reached XP level 9. HP: 86/86 MP: 8/8
   389 | D        | Noticed a spiny frog
   390 | D        | Killed a spiny frog
   391 | D        | Noticed a spiny frog
   393 | D        | Killed a komodo dragon
   398 | D        | Killed a four-headed hydra
   398 | D        | Reached skill level 10 in Dodging
   406 | D        | Killed a spiny frog
   409 | D        | Killed a spiny frog
   415 | D        | Killed a spiny frog
   415 | D        | Reached XP level 10. HP: 81/99 MP: 7/9
   521 | D        | Noticed a torpor snail
   521 | D        | Reached ***** piety under the Shining One
   521 | D        | Noticed a seven-headed hydra
   521 | D        | Noticed a black mamba
   526 | D        | Noticed a four-headed hydra
   540 | D        | Killed a torpor snail
   548 | D        | Killed a seven-headed hydra
   553 | D        | Killed a four-headed hydra
   562 | D        | Killed a black mamba
   799 | D        | Noticed an elephant
   799 | D        | Noticed a dire elephant
   799 | D        | Noticed an elephant
   799 | D        | Noticed an elephant
   799 | D        | Noticed an elephant
   799 | D        | Noticed an elephant
   808 | D        | Killed a dire elephant
   814 | D        | Killed an elephant
   814 | D        | Reached XP level 11. HP: 91/111 MP: 7/10
   846 | D        | Noticed a dire elephant
   849 | D        | Reached skill level 15 in Armour
   849 | D        | Reached skill level 15 in Shields
   858 | D        | Killed a dire elephant
   858 | D        | Reached skill level 15 in Fighting
   990 | D        | Noticed Psyche
   992 | D        | Noticed Urug
   996 | D        | Killed Psyche
  1003 | D        | Killed Urug
  1018 | D        | Noticed Sonja
  1020 | D        | Killed Sonja
  1084 | D        | Reached ****** piety under the Shining One
  1289 | D        | Noticed an orc knight
  1289 | D        | Noticed an orc high priest
  1302 | D        | Killed an orc knight
  1310 | D        | Noticed an orc knight
  1324 | D        | Killed an orc high priest
  1337 | D        | Killed an orc knight
  1393 | D        | Found Xikepn's Weapon Emporium.
  1393 | D        | Noticed an orc knight
  1393 | D        | Noticed an orc knight
  1393 | D        | Noticed an orc knight
  1398 | D        | Noticed an orc knight
  1406 | D        | Killed an orc knight
  1407 | D        | Found Harasuit's Assorted Antiques.
  1413 | D        | Killed an orc knight
  1413 | D        | Reached skill level 15 in Dodging
  1413 | D        | Reached XP level 12. HP: 82/124 MP: 8/11
  1430 | D        | Found Nisyigg's Armour Emporium.
  1441 | D        | Found Saubouf's Gadget Shoppe.
  1521 | D        | Bought a glowing purple potion for 20 gold pieces
  1521 | D        | Bought a scroll labeled BYEDOU XEMN for 23 gold pieces
  1521 | D        | Bought a potion of curing for 69 gold pieces
  1521 | D        | Bought a potion of curing for 69 gold pieces
  1521 | D        | Bought a coppery potion for 20 gold pieces
  1804 | D        | Noticed a centaur warrior
  1804 | D        | Noticed a centaur warrior
  1805 | D        | Noticed a four-headed hydra
  1810 | D        | Noticed a rakshasa
  1812 | D        | Killed a centaur warrior
  1813 | D        | Noticed an ettin
  1815 | D        | Noticed an ettin
  1817 | D        | Killed a centaur warrior
  1824 | D        | Killed a four-headed hydra
  1826 | D        | Noticed a centaur warrior
  1828 | D        | Noticed a centaur warrior
  1846 | D        | Killed an ettin
  1846 | D        | Noticed an ettin
  1849 | D        | Killed an ettin
  1854 | D        | Killed a rakshasa
  1862 | D        | Killed a centaur warrior
  1865 | D        | Killed a centaur warrior
  1876 | D        | Killed an ettin
  2082 | D        | Noticed a merfolk javelineer
  2082 | D        | Noticed a satyr
  2083 | D        | Noticed a merfolk javelineer
  2088 | D        | Killed a merfolk javelineer
  2093 | D        | Reached XP level 13. HP: 130/136 MP: 9/12
  2109 | D        | Killed a merfolk javelineer
  2224 | D        | Noticed a nagaraja
  2244 | D        | Killed a nagaraja
  2651 | D        | Noticed a spark wasp
  2664 | D        | Killed a spark wasp
  3051 | D        | Noticed a fire dragon
  3051 | D        | Noticed a red very ugly thing
  3053 | D        | Noticed an ettin
  3067 | D        | Killed a red very ugly thing
  3073 | D        | Noticed a brown very ugly thing
  3075 | D        | Killed a fire dragon
  3076 | D        | Noticed a white very ugly thing
  3097 | D        | Killed a brown very ugly thing
  3104 | D        | The Shining One protects you from harm!
  3107 | D        | Killed a white very ugly thing
  3112 | D        | Killed an ettin
  3122 | D        | Reached XP level 14. HP: 41/149 MP: 13/13
  3123 | D        | Noticed a stone giant
  3138 | D        | Noticed a tengu reaver
  3153 | D        | Killed a stone giant
  3156 | D        | The Shining One protects you from harm!
  3158 | D        | Noticed a tengu reaver
  3162 | D        | Killed a tengu reaver
  3175 | D        | Mangled by a tengu reaver

Vault maps used:
D:        linesprint

Skill      XL: |  1  2  3  4  5  6  7  8  9 10 11 12 13 14 |
---------------+-------------------------------------------+-----
Long Blades    | 4 6 8 9 10 12 13 14 | 14.2
Dodging        | 2 3 4 5 6 7 9 11 12 15 17 19 | 19.6
Armour         | 4 5 7 8 9 10 12 14 16 18 20 21 | 21.3
Fighting       | 4 5 6 7 8 9 10 12 14 16 18 20 21 | 21.2
Shields        | 4 5 6 7 8 9 10 12 14 16 18 20 21 | 21.3

Action                   |  1- 3 |  4- 6 |  7- 9 | 10-12 | 13-15 || total
-------------------------+-------+-------+-------+-------+-------++-------
Melee: Long sword        |    20 |       |       |       |       ||    20
       Headbutt          |     4 |     3 |    13 |    83 |    69 ||   172
       Scimitar          |       |    18 |    42 |   278 |   224 ||   562
       Rapier            |       |       |     4 |    19 |       ||    23
Invok: Divine Shield     |       |       |     2 |     7 |     3 ||    12
Evoke: Wand              |       |       |       |     2 |     5 ||     7
  Use: Scroll            |       |       |       |     1 |       ||     1
       Potion            |       |       |       |       |     2 ||     2
  Eat: Chunk             |       |       |       |     5 |     3 ||     8
Armor: Scale mail        |     7 |       |       |       |       ||     7
       Ring mail         |       |     3 |     4 |    15 |       ||    22
       Plate armour      |       |       |       |     6 |       ||     6
       Chain mail        |       |       |       |     5 |    42 ||    47
Dodge: Dodged            |     6 |     5 |     9 |    55 |    50 ||   125
Block: Shield            |     7 |     7 |    31 |   110 |       ||   155
       Large shield      |       |       |       |    54 |   195 ||   249
       Rpst.: Scimitar   |       |     2 |       |     8 |     5 ||    15

Table legend:
 A = Spawn XP
 B = Non-spawn XP
 C = Spawn XP percentage of total XP
 D = Spawn monster count
 E = Non-spawn monster count
 F = Spawn count percentage of total count
 G = Total turns spent on level
                    A         B        C        D         E        F      G
               +---------+---------+-------+---------+---------+-------+---------
         Total |       0 |   70713 |   0.0 |       0 |     153 |   0.0 |  3175
               +---------+---------+-------+---------+---------+-------+---------
             D |       0 |   70713 |   0.0 |       0 |     153 |   0.0 |  3175
               +---------+---------+-------+---------+---------+-------+---------
